 Dungeon Crawl Stone Soup version 0.29.1-2-gbd0b4ee654 (webtiles) character file.

Game seed: 4658306080760775886

110 leafyfresh the Sneak (level 4, -6/27 HPs)
             Began as an Octopode Earth Elementalist on Nov 7, 2022.
             Killed from afar by an orc wizard (8 damage)
             ... with a puff of flame
             ... on level 4 of the Dungeon.
             The game lasted 00:04:53 (3626 turns).

leafyfresh the Sneak (Octopode Earth Elementalist)  Turns: 3626, Time: 00:04:54

Health: -6/27      AC:  1    Str:  7    XL:     4   Next: 91%
Magic:  0/7        EV: 13    Int: 19    God:
Gold:   139        SH:  0    Dex: 12    Spells: 1/7 levels left

rFire   . . .      SeeInvis .   (no weapon)
rCold   . . .      Faith    .   c - orb {light}
rNeg    . . .      Spirit   .   (helmet restricted)
rPois   .          Reflect  .   (no amulet)
rElec   .          Harm     .   (no ring)
rCorr   .          Rampage  .   (no ring)
Will    .....                   (no ring)
Stlth   ++........              (no ring)
HPRegen 0.09/turn               (no ring)
MPRegen 0.10/turn               (no ring)
                                (no ring)
                                (no ring)

@: glowing
A: almost no armour, amphibious, 8 rings, camouflage 1, gelatinous body 1,
(nimble swimmer 1), tentacles
a: no special abilities


You were on level 4 of the Dungeon.
You visited 1 branch of the dungeon, and saw 4 of its levels.

You collected 139 gold pieces.

Inventory:

Armour
 c - an orb of light (worn)
 e - a +0 helmet
Scrolls
 b - 5 scrolls of identify {unknown}
 f - a scroll of summoning {unknown}
 i - a scroll of immolation {unknown}
 j - 2 scrolls of enchant weapon {unknown}
 k - a scroll of fear {unknown}
 m - a scroll of brand weapon {unknown}
Potions
 a - a potion of magic
 d - a potion of might {unknown}
 g - 4 potions of curing {unknown}
 h - a potion of brilliance {unknown}
 l - a potion of flight {unknown}
 n - a potion of lignification {unknown}
 o - a potion of degeneration {unknown}


   Skills:
 - Level 2.0 Dodging
 - Level 4.4 Stealth
 - Level 2.0 Spellcasting
 + Level 1.5 Conjurations
 - Level 1.0 Transmutations
 + Level 4.3 Earth Magic


You had one spell level left.
You knew the following spells:

 Your Spells              Type           Power      Damage    Failure   Level
a - Sandblast             Erth           36%        2d10      2%          1
b - Stone Arrow           Conj/Erth      26%        3d8       16%         3
c - Passwall              Tmut/Erth      10%        N/A       9%          2

Your spell library contained the following spells:

 Spells                   Type           Power      Damage    Failure   Level
 Petrify                  Tmut/Erth      12%        N/A       50%         4
 Animate Dead             Necr           1%         N/A       86%         4
 Haunt                    Necr/Summ      0%         N/A       100%        7
 Infestation              Necr           0%         N/A       100%        8


Dungeon Overview and Level Annotations

Branches:
Dungeon (4/15)
 Temple: D:4-7

Altars:


Innate Abilities, Weirdness & Mutations

You cannot wear most types of armour.
You are amphibious.
You can wear up to eight rings at the same time.
Your skin changes colour to match your surroundings (Stealth+).
Your rubbery body absorbs attacks. (AC +1, EV +1)
((You are camouflaged when in or above water. (Stealth+)))
You have tentacles for arms and can constrict up to eight enemies at once.


Message History

Confirm with . or Enter, or press ? or * to list all spells.
Aiming: Sandblast (safe; 3% risk of failure)
Press: ? - help, Shift-Dir - straight line, f/p - orc
Aim: an orc, wielding a +0 hand axe and wearing a +0 leather armour (severely wounded, haloed, 86% to hit)
The blast of sand hits the orc!
You kill the orc!
The orc completely misses you.
The orc wizard gestures at you while chanting.
The magic dart hits you!
Casting: Sandblast (safe; 2% risk of failure)
Confirm with . or Enter, or press ? or * to list all spells.
Aiming: Sandblast (safe; 2% risk of failure)
Press: ? - help, Shift-Dir - straight line, f - orc
Aim: an orc, wielding a +0 dagger (haloed, 86% to hit)
The blast of sand hits the orc!
You kill the orc!
The orc wizard points at you and mumbles some strange words.
The magic dart hits you.
Your magical contamination has completely faded away.
Casting: Sandblast (safe; 2% risk of failure)
Confirm with . or Enter, or press ? or * to list all spells.
Aiming: Sandblast (safe; 2% risk of failure)
Press: ? - help, Shift-Dir - straight line, f - orc wizard
Aim: an orc wizard, wielding a +0 dagger and wearing a +0 robe (haloed, 83% to hit)
The blast of sand hits the orc wizard!
The orc wizard is almost dead.
The orc wizard gestures at you while chanting.
The magic dart hits you!
* * * LOW HITPOINT WARNING * * *
Casting: Sandblast (safe; 2% risk of failure)
Confirm with . or Enter, or press ? or * to list all spells.
Aiming: Sandblast (safe; 2% risk of failure)
Press: ? - help, Shift-Dir - straight line, f/p - orc wizard
Aim: an orc wizard, wielding a +0 dagger and wearing a +0 robe (almost dead, haloed, 83% to hit)
The blast of sand misses the orc wizard.
The orc wizard hits you with a +0 dagger.
* * * LOW HITPOINT WARNING * * *
The orc wizard casts a spell at you. The puff of flame hits you!
You die...

## .## ..# # ..# .. ..#
... ..# ..
.##################.#
.##....##...##.....###..
.....)..........@.......
...............<)o......
.##.##.###..##..##..####
.#####.###+###..# ..#
........# ..... ...
........# ...........
######.## ###..##..####
### #### +##


You could see an orc wizard.

Vanquished Creatures
  An orc priest (D:4)
  3 adders
  2 worms (D:2)
  3 dart slugs
  2 orcs (D:4)
  2 ball pythons
  5 endoplasms
  3 giant cockroaches
  2 goblins (D:2)
  3 hobgoblins
  8 bats
  2 frilled lizards (D:1)
  A kobold (D:4)
  6 rats
43 creatures vanquished.

Notes
Turn   | Place    | Note
-------+----------+-------------------------------------------
     0 | D:1      | leafyfresh the Octopode Earth Elementalist began the quest
                  | for the Orb.
     0 | D:1      | Reached XP level 1. HP: 11/11 MP: 3/3
   279 | D:1      | Reached XP level 2. HP: 17/17 MP: 3/5
   968 | D:2      | Reached XP level 3. HP: 9/21 MP: 1/6
  1929 | D:2      | Identified the +1 leather armour "Uligeagg" {Rampage Will-
                  | Int+4}
  2406 | D:2      | Learned a level 3 spell: Stone Arrow
  2409 | D:2      | Learned a level 2 spell: Passwall
  2490 | D:2      | Reached XP level 4. HP: 27/27 MP: 3/7
  3112 | D:3      | Found a faded altar of an unknown god.
  3557 | D:4      | Reached skill level 1 in Conjurations
  3626 | D:4      | Killed from afar by an orc wizard

Illustrated notes

Levels and vault maps discovered:
D:1:      dpeg_arrival_concentric_ovals, layout_loops_cross,
          dreamdust_princess_corridor, chequers_serial_rivers_small_b,
          minmay_heptomino_h4
D:2:      layout_basic
D:3:      layout_loops_ring, ebering_ecumenical_altar_abandoned
D:4:      layout_gridville, minmay_temple_entry_drinking_statues

Skill      XL: |  1  2  3  4 |
---------------+-------------+-----
Stealth        | 3 4 |  4.4
Earth Magic    | 4 |  4.3
Conjurations   | 1 |  1.5
Dodging        | |  2.0
Spellcasting   | |  2.0
Transmutations | |  1.0

Action                   |  1- 3 |  4- 6 || total
-------------------------+-------+-------++-------
Melee: Unarmed           |    24 |     8 ||    32
       Constrict         |     7 |     3 ||    10
       Tentacles         |     7 |     3 ||    10
 Cast: Sandblast         |    34 |    14 ||    48
 Stab: Sleeping          |     1 |     2 ||     3
Armor: Skin              |     4 |     2 ||     6
Dodge: Dodged            |    26 |     4 ||    30
